AoeStats
← 凉拌皮蛋

Arabia

504964069Analyzed
1v1 RM · 25d ago on Sep 7, 2026· 32m 38s· 2 players
Game mode
Random Map
Map size
Tiny (2 player)
Population
200
Speed
Normal
Resources
Standard
Victory
Conquest
Starting age
Dark Age
Ending age
Imperial Age
RankedLock teamsTeams togetherTeam positionsShared explorationLock speedFull tech treeHidden civsTurbo modeCheats
Victory
Defeat
🇨🇳 Shu · China
1251
+16
🇧🇪 Mongols · Belgium
1261
-16
凉拌皮蛋
8:57 Feudal Age
7:44 Loom
11:31 Double-Bit Axe
12:04 Horse Collar
14:45 Fletching
16:48 Wheelbarrow
20:52 Castle Age
19:32 Gold Mining
20:05 Padded Archer Armor
20:43 Scale Mail Armor
20:54 Crossbowman
21:30 Bodkin Arrow
21:47 Bow Saw
24:59 Leather Archer Armor
28:10 Ballistics
28:21 Town Watch
32:24 Gold Shaft Mining
35:08 Imperial Age
33:27 Hand Cart
Lechuck
6:33 Loom
8:48 Feudal Age
9:29 Double-Bit Axe
21:24 Castle Age
19:53 Scale Barding Armor
19:43 Gold Mining
20:17 Bloodlines
20:33 Horse Collar
20:48 Fletching
21:29 Light Cavalry
22:41 Chain Barding Armor
23:21 Padded Archer Armor
24:37 Bodkin Arrow
31:12 Husbandry
Connection lost

Rejoining the realm…

Still unreachable

The connection could not be restored.

Session expired

The server has moved on; the page needs a fresh start.